 Seeded DCSS version 0.30-a0-760-g5a9884bb7c (webtiles) character file.

Game seed: 5430720872467839093 (custom seed)

788 Hubris850 the Insei (level 7, -2/51 HPs)
             Began as an Octopode Transmuter on Feb 10, 2023.
             Slain by a hound (4 damage)
             ... on level 5 of the Dungeon.
             The game lasted 00:10:16 (3599 turns).

Hubris850 the Insei (Octopode Transmuter)           Turns: 3599, Time: 00:10:17

Health: -2/51      AC:  7    Str: 15    XL:     7   Next: 87%
Magic:  9/13       EV: 10    Int: 18    God:
Gold:   3330       SH:  0    Dex: 12    Spells: 7/14 levels left

rFire   x . .      SeeInvis .      - Unarmed
rCold   + + +      Faith    .    (shield currently unavailable)
rNeg    + . .      Spirit   .    (helmet currently unavailable)
rPois   +          Reflect  .    (no amulet)
rElec   .          Harm     .    k - +6 ring of strength
rCorr   .          Rampage  .    p - ring of protection from cold
Will    .....                    A - ring of positive energy
Stlth   +                        (no ring)
HPRegen 0.28/turn                (no ring)
MPRegen 0.13/turn                (no ring)
                                 (no ring)
                                 (no ring)

@: ice-form, studying Fighting
A: freezing attack, boosted hp, almost no armour, amphibious, 8 rings, large,
(camouflage 1), (gelatinous body 1), (nimble swimmer 1), (tentacles)
a: End Transformation


You were on level 5 of the Dungeon.
You were a creature of crystalline ice.
You visited 1 branch of the dungeon, and saw 5 of its levels.

You collected 3708 gold pieces.
You spent 378 gold pieces at shops.

Inventory:

Hand Weapons
 c - a +0 short sword
 h - the +3 short sword of the Manifold Quests (melded) {flame, rElec Int+5}
   (You took it off an orc priest on level 3 of the Dungeon)

   Int:       It affects your intelligence (+5).
   rElec:     It insulates you from electricity.
Missiles
 s - a throwing net
 v - 5 poisoned darts
Armour
 n - the +3 buckler "Obbuuqoa" (melded) {rF++}
   (You acquired it on level 2 of the Dungeon)

   rF:        It greatly protects you from fire.
Jewellery
 k - a +6 ring of strength (left front paw)
 p - a ring of protection from cold (right front paw)
 A - a ring of positive energy (on tentacle)
Wands
 i - a wand of mindburst (11)
 y - a wand of roots (4)
Scrolls
 d - a scroll of poison
 f - 4 scrolls of amnesia
 l - a scroll of brand weapon
 m - 3 scrolls of enchant armour
 o - a scroll of immolation
 q - a scroll of fear
 r - 2 scrolls of blinking
 u - a scroll of silence {unknown}
 x - 2 scrolls of teleportation
 z - a scroll of butterflies {unknown}
Potions
 a - 3 potions of lignification
 b - a potion of mutation
 e - 2 potions of attraction
 g - a potion of degeneration {unknown}
 j - a potion of ambrosia {unknown}
 t - a potion of curing
 w - 2 potions of berserk rage {unknown}


   Skills:
 - Level 1.0 Fighting
 - Level 2.0 Dodging
 - Level 6.0 Unarmed Combat
 + Level 4.0 Spellcasting
 + Level 4.3 Transmutations
 + Level 3.5 Ice Magic


You had 7 spell levels left.
You knew the following spells:

 Your Spells              Type           Power      Damage    Failure   Level
a - Beastly Appendage     Tmut           38%        N/A       2%          1
b - Wereblood             Tmut           19%        N/A       3%          2
c - Ice Form              Ice/Tmut       17%        N/A       28%         4

Your spell library contained the following spells:

 Spells                   Type           Power      Damage    Failure   Level
 Spider Form              Tmut/Pois      11%        N/A       19%         3


Dungeon Overview and Level Annotations

Branches:
Dungeon (5/15)             Temple (0/1) D:4

Altars:
Okawaru

Shops:
D:2 ?


Innate Abilities, Weirdness & Mutations

You are a creature of crystalline ice.
You have a powerful freezing melee attack.
Your maximum health is increased.
Your armour is entirely melded.
You are incapable of wielding weapons or throwing items.
You cannot wear most types of armour.
You are amphibious.
You can wear up to eight rings at the same time.
((Your skin changes colour to match your surroundings (Stealth+).))
((Your rubbery body absorbs attacks. (AC +1, EV +1)))
((You are camouflaged when in or above water. (Stealth+)))
((You have tentacles for arms and can constrict up to eight enemies at once.))


Message History

The +3 short sword of the Manifold Quests {flame, rElec Int+5} bursts into flame!
Done exploring.
Done exploring.
(D) Dungeon (T) Temple
Where to? (Enter - D:4, ? - help)
There is an open translucent door, spattered with blood here.
You see here an adder corpse.
There is a stone staircase leading up here.
There is a stone staircase leading down here.
You climb downwards.
There is a stone staircase leading up here.
A hound and a two-headed ogre come into view.
Found a stone staircase leading up.
There is a stone staircase leading up here.
Casting: Ice Form (quite dangerous; 28% risk of failure)
Confirm with . or Enter, or press ? or * to list all spells.
The spell is quite dangerous to miscast (28% risk of failure)!
Continue anyway?
You turn into a creature of crystalline ice.
The +3 short sword of the Manifold Quests {flame, rElec Int+5} melds into your body.
The +3 buckler "Obbuuqoa" {rF++} melds into your body.
The +3 short sword of the Manifold Quests {flame, rElec Int+5} stops flaming.
You hear two shouts!
You hear a shout!
The two-headed ogre shouts in stereo!
The hound barks!
You punch the two-headed ogre! You freeze the two-headed ogre.
The two-headed ogre is moderately wounded.
You punch the two-headed ogre! You freeze the two-headed ogre.
The two-headed ogre is heavily wounded.
The two-headed ogre hits you with a +0 giant spiked club!!
The two-headed ogre hits you with a +0 giant club!!
* * * LOW HITPOINT WARNING * * *
You hit the two-headed ogre but do no damage.
The two-headed ogre is heavily wounded.
The hound bites you but does no damage. The two-headed ogre barely misses you.
The two-headed ogre hits you with a +0 giant club!
* * * LOW HITPOINT WARNING * * *
A scorpion comes into view.
An ufetubus comes into view.
You punch the two-headed ogre! You freeze the two-headed ogre.
The two-headed ogre is almost dead.
The hound bites you.
You die...

#### ##..##
....# #...#
#...#
######...#
........<#
#######Y##
.......Oh......
#######......#.
#........
.........
..#.<....
..#......
.#.#5s....


You could see a two-headed ogre, a scorpion, a hound and an ufetubus.

Vanquished Creatures
  The ghost of pigah the Magician, an amateur OpWn (D:4)
  Blork the orc (D:4)
  A bullfrog (D:4)
  A scorpion (D:4)
  A necrophage (D:2)
  2 orc priests
  An iguana (D:4)
  4 orc wizards
  9 gnolls
  6 adders
  A white imp (D:4)
  3 worms (D:4)
  A dart slug (D:4)
  5 orcs (D:3)
  3 bats
  8 endoplasms
  3 giant cockroaches
  7 hobgoblins
  7 jackals
  6 kobolds
  5 quokkas
  8 ball pythons
  2 frilled lizards
  4 goblins
  3 rats
93 creatures vanquished.

Notes
Turn   | Place    | Note
-------+----------+-------------------------------------------
     0 | D:1      | Hubris850 the Octopode Transmuter began the quest for the
                  | Orb.
     0 | D:1      | Reached XP level 1. HP: 13/13 MP: 3/3
   106 | D:1      | Reached XP level 2. HP: 11/18 MP: 5/5
   462 | D:1      | Reached skill level 4 in Unarmed Combat
   608 | D:1      | Learned a level 2 spell: Wereblood
   848 | D:1      | Reached XP level 3. HP: 23/23 MP: 6/6
   998 | D:2      | Identified 3 scrolls of acquirement
   998 | D:2      | Acquired the +3 buckler "Obbuuqoa" {rF++}
  1005 | D:2      | Acquired 960 gold pieces
  1007 | D:2      | Acquired 1323 gold pieces
  1143 | D:2      | HP: 1/23 [gnoll/+0 flail (14)]
  1148 | D:2      | Reached XP level 4. HP: 6/28 MP: 7/7
  1151 | D:2      | Reached skill level 5 in Unarmed Combat
  1350 | D:2      | Acquired 1261 gold pieces
  1478 | D:2      | Noticed a necrophage
  1483 | D:2      | Killed a necrophage
  1484 | D:2      | Reached XP level 5. HP: 32/33 MP: 8/8
  1592 | D:2      | Found Doddoiw's Magic Scroll Shoppe.
  1597 | D:2      | Bought a scroll of identify for 28 gold pieces
  1597 | D:2      | Bought a scroll of enchant armour for 105 gold pieces
  1597 | D:2      | Bought a scroll of identify for 28 gold pieces
  1597 | D:2      | Bought a scroll of fear for 56 gold pieces
  1597 | D:2      | Bought a scroll of amnesia for 56 gold pieces
  1597 | D:2      | Bought a scroll of blinking for 105 gold pieces
  1841 | D:3      | Found a faded altar of an unknown god.
  2012 | D:3      | Reached skill level 6 in Unarmed Combat
  2019 | D:3      | Learned a level 4 spell: Ice Form
  2033 | D:3      | Identified the +3 short sword of the Manifold Quests
                  | {flame, rElec Int+5}
  2202 | D:3      | Reached skill level 1 in Ice Magic
  2204 | D:3      | Reached XP level 6. HP: 37/38 MP: 5/9
  2241 | D:3      | Found an iron altar of Okawaru.
  2312 | D:3      | Identified the +2 robe of Binutifa {rPois Dex+5}
  2959 | D:4      | Found a runed translucent door.
  2959 | D:4      | Noticed pigah's ghost (amateur OpWn)
  2967 | D:4      | Found a staircase to the Ecumenical Temple.
  3044 | D:4      | Reached XP level 7. HP: 41/43 MP: 11/11
  3198 | D:4      | Noticed Blork the orc
  3204 | D:4      | Killed Blork the orc
  3478 | D:4      | Killed pigah's ghost
  3591 | D:5      | Entered Level 5 of the Dungeon
  3592 | D:5      | Noticed a two-headed ogre
  3598 | D:5      | HP: 2/51 [two-headed ogre/+0 giant spiked club (13)]
  3599 | D:5      | Slain by a hound

Illustrated notes

Levels and vault maps discovered:
D:1:      dpeg_arrival_boxes_within_box, layout_basic
D:2:      layout_loops_ring, serial_shops, shop, nicolae_kite_square_tiling_tiny
D:3:      layout_rooms, okawaru_metal_pillars_3, ebering_ecumenical_altar_rust
D:4:      layout_basic, minmay_temple_entry_overgrown, ebering_ghost_sewer_d,
          minmay_manual_monstrance, uniq_blork_the_orc
D:5:      layout_basic, uniq_duvessa

Skill      XL: |  1  2  3  4  5  6  7 |
---------------+----------------------+-----
Unarmed Combat | 4 5 6 |  6.0
Ice Magic      | 1 2 3 |  3.5
Transmutations | 3 4 |  4.3
Spellcasting   | 3 4 |  4.0
Fighting       | |  1.0
Dodging        | |  2.0

Action                     |  1- 3 |  4- 6 |  7- 9 || total
---------------------------+-------+-------+-------++-------
  Melee: Short sword       |    32 |       |       ||    32
         Constrict         |    24 |    24 |     6 ||    54
         Tentacles         |    15 |    21 |     5 ||    41
         Unarmed           |    42 |    85 |    32 ||   159
         Punch             |     3 |     8 |     1 ||    12
         Kick              |       |     7 |       ||     7
  Throw: Dart              |       |     3 |       ||     3
   Cast: Wereblood         |       |     3 |     1 ||     4
         Beastly Appendage |       |     1 |       ||     1
         Ice Form          |       |     1 |     2 ||     3
  Evoke: Wand              |       |       |     3 ||     3
    Use: Scroll            |     3 |    10 |       ||    13
         Potion            |     2 |       |       ||     2
   Stab: Sleeping          |     3 |     6 |     6 ||    15
         Distracted        |       |     1 |       ||     1
 Armour: Skin              |    14 |     4 |     4 ||    22
  Dodge: Dodged            |    54 |    38 |    10 ||   102
  Block: Buckler           |    16 |    13 |     2 ||    31

Table legend: (Time is in decaauts)
 A = Elapsed time spent in this place.
 B = Non-inter-level travel time spent in this place.
 C = Inter-level travel time spent in this place.
 D = Time resting spent in this place.
 E = Time spent auto-exploring this place.
 F = Levels seen in this place.
 G = Mean time per level.
                   A        B        C        D        E       F      G
               +--------+--------+--------+--------+--------+-----+--------+
         Total |   3584 |   3459 |    125 |    471 |   2305 |   5 |  716.8 |
       Dungeon |   3584 |   3459 |    125 |    471 |   2305 |   5 |  716.8 |
               +--------+--------+--------+--------+--------+-----+--------+

Top non-repeatable levels by time:
     D:4: 1149 daAuts
     D:1: 969 daAuts
     D:2: 830 daAuts
     D:3: 628 daAuts
     D:5: 7 daAuts
